 Dungeon Crawl Stone Soup version 0.22-a0-367-gb72a975 (webtiles) character file.

309 khargal the Shield-Bearer (level 6, -1/38 HPs)
             Began as a Gargoyle Fighter on Apr 22, 2018.
             Killed from afar by Feta's ghost (17 damage)
             ... with a flame tongue
             ... on level 4 of the Dungeon.
             The game lasted 00:05:13 (3174 turns).

khargal the Shield-Bearer (Gargoyle Fighter)        Turns: 3174, Time: 00:05:14

Health: -1/38      AC: 13    Str: 21    XL:     6   Next: 41%
Magic:  6/6        EV:  7    Int:  9    God:
Gold:   235        SH:  9    Dex:  9    Spells: 5/5 levels left

rFire    . . .     SeeInvis .   a - +1 flail
rCold    . . .     Gourm    .   c - +0 shield
rNeg     + . .     Faith    .   b - +0 scale mail
rPois    ∞         Spirit   .   (no helmet)
rElec    +         Reflect  .   (no cloak)
rCorr    .         Harm     .   q - +0 pair of gloves
MR       .....                  k - +0 pair of boots
Stlth    ..........             (no amulet)
HPRegen  0.12/turn              (no ring)
MPRegen  0.10/turn              (no ring)

@: no status effects
A: negative energy resistance 1, electricity resistance, unbreathing,
petrification resistance, rot immunity, AC +4
a: no special abilities


You were on level 4 of the Dungeon.
You were not hungry.

You visited 1 branch of the dungeon, and saw 4 of its levels.

You collected 235 gold pieces.

Inventory:

Hand Weapons
 a - a +1 flail (weapon)
 o - a +0 blowgun
Missiles
 n - 29 poisoned needles
Armour
 b - a +0 scale mail (worn)
 c - a +0 shield (worn)
 k - a +0 pair of boots (worn)
 q - a +0 pair of gloves (worn)
Wands
 m - a wand of digging (9)
Scrolls
 e - a scroll of immolation {unknown}
 g - a scroll of random uselessness {unknown}
 h - 2 scrolls of identify
 i - a scroll of enchant armour {unknown}
 l - a scroll of teleportation
 p - a scroll of fear {unknown}
 r - 2 scrolls of remove curse {unknown}
Potions
 d - a potion of might
Comestibles
 f - 6 rations
 j - 3 chunks of flesh


   Skills:
 + Level 4.2 Fighting
 + Level 4.4 Maces & Flails
 + Level 4.3 Armour
 + Level 4.8 Shields


You had 5 spell levels left.
You didn't know any spells.

Dungeon Overview and Level Annotations

Branches:
Dungeon (4/15)
 Temple: D:4-7

Altars:

Annotations:
D:4 Feta's ghost, amateur BaFE


Innate Abilities, Weirdness & Mutations

You are resistant to torment.
Your stone body is resilient. (AC +4)
You are immune to poison.
You resist negative energy. (rN+)
You are resistant to electric shocks. (rElec)
You can survive without breathing.
You are immune to petrification.
You are immune to rotting.


Message History

Feta's ghost says very slowly, "There's no hope."
Feta's ghost keens inconsolably.
Feta's ghost points at you and mumbles some strange words.
The flame tongue hits you! Feta's ghost casts a spell at you.
The flame tongue hits you! 2 orcs, an orc wizard and a dart slug come into view.
The orc wizard shouts!
The orc shouts!
The orc wizard gestures wildly while chanting.
The orc wizard seems to speed up.
The orc moves out of view.
The dart slug moves out of view. 2 orc priests come into view.
The orc priest shouts! x2
The orc hits you with an enchanted hand axe.
The orc priest moves out of view.
The orc wizard gestures at you while chanting.
The magic dart hits you! Feta's ghost casts a spell at you.
The flame tongue hits you!
You die...

#..# #....#### #######
##..## #....# .....#
##+#....# .###.### #
#.#....# .#.....#
#...+....+
...##..#######.#.#....#
...##.O##....# ..# ...#
#......##.##.# #.# #
#####..##.##.###@# #
.......##O##.OW.o# #
^.###.O...######....#
...###..##### #..#+#
...####.#... ..wo.
##...##...# ..#.o.
###[###..# ..#o....
#......# ##.#.....
#####..# .# ....


You could see an ogre, an orc priest, an orc wizard, Feta's ghost, a dart slug
and 2 orcs.

Vanquished Creatures
  The ghost of khargal the Shield-Bearer, an amateur GrFi (D:3)
  An orc wizard (D:3)
  Terence (D:2)
  4 gnolls (D:3)
  7 adders
  3 worms
  A dart slug (D:2)
  5 leopard geckos
  8 orcs
  A ball python (D:1)
  3 giant cockroaches
  3 goblins (D:1)
  6 hobgoblins
  A jackal (D:3)
  5 bats
  3 frilled lizards
  7 kobolds
  10 rats
70 creatures vanquished.

Notes
Turn   | Place    | Note
-------+----------+-------------------------------------------
     0 | D:1      | khargal the Gargoyle Fighter began the quest for the Orb.
     0 | D:1      | Reached XP level 1. HP: 14/14 MP: 1/1
   329 | D:1      | Reached XP level 2. HP: 17/19 MP: 2/2
   569 | D:1      | Reached XP level 3. HP: 16/23 MP: 3/3
  1253 | D:2      | Noticed Terence
  1270 | D:2      | Killed Terence
  1270 | D:2      | Reached XP level 4. HP: 20/29 MP: 4/4
  1757 | D:3      | Noticed khargal's ghost (amateur GrFi)
  1766 | D:3      | HP: 1/29 [khargal's ghost (11)]
  2090 | D:3      | Killed khargal's ghost
  2090 | D:3      | Reached XP level 5. HP: 15/33 MP: 5/5
  2506 | D:3      | Reached XP level 6. HP: 36/38 MP: 6/6
  3105 | D:4      | Noticed Feta's ghost (amateur BaFE)
  3174 | D:4      | Killed from afar by Feta's ghost

Vault maps used:
D:1:      evilmike_arrival_fibonacci_small, minivault_14, kennysheep_minor_cross
D:2:      corexii_hall_statues_x, minivault_27, uniq_terence
D:3:      first_ration, kennysheep_generic_room_14
D:4:      solitary_fountain

Skill      XL: |  1  2  3  4  5 |
---------------+----------------+-----
Maces & Flails | 3 4 |  4.4
Shields        | 4 |  4.8
Fighting       | 4 |  4.2
Armour         | 4 |  4.3

Action                   |  1- 3 |  4- 6 || total
-------------------------+-------+-------++-------
Melee: Flail             |   107 |   166 ||   273
  Use: Scroll            |     3 |       ||     3
  Eat: Chunk             |     1 |     7 ||     8
Armor: Scale mail        |    67 |    97 ||   164
Dodge: Dodged            |    52 |    46 ||    98
Block: Shield            |    79 |    91 ||   170

Table legend:
 A = Spawn XP
 B = Non-spawn XP
 C = Spawn XP percentage of total XP
 D = Spawn monster count
 E = Non-spawn monster count
 F = Spawn count percentage of total count
 G = Total turns spent on level
                    A         B        C        D         E        F      G
               +---------+---------+-------+---------+---------+-------+---------
         Total |       0 |     442 |   0.0 |       0 |      70 |   0.0 |  3174
               +---------+---------+-------+---------+---------+-------+---------
           D:1 |       0 |      39 |   0.0 |       0 |      24 |   0.0 |   944
           D:2 |       0 |      54 |   0.0 |       0 |      11 |   0.0 |   999
           D:3 |       0 |     317 |   0.0 |       0 |      31 |   0.0 |   985
           D:4 |       0 |      32 |   0.0 |       0 |       4 |   0.0 |   246
               +---------+---------+-------+---------+---------+-------+---------
